Map: Lightshade LE

Players

Semper

  • Race: Terran Terran

PattyMac - Winner!

  • Race: Protoss Protoss

Event: DreamHack SC2 Masters 2021 Winter

VOD

Have the link to the VOD?

Description

Time

  • Played on: Oct. 9, 2021, 7:18 p.m.
  • Length: 17:10

All games in this series

Show
View Real Time Build Order
Export as new Build Order

Semper Terran 

Build Orders:  

Get SALT Encoding   

  12  0:00  SCV  
  13  0:12  SCV  
  14  0:17  Supply Depot  
  14  0:24  SCV  
  15  0:39  SCV  
  15  0:40  Barracks  
  16  0:45  Refinery  
  16  0:51  SCV  
  17  1:00  Engineering Bay  
  17  1:04  SCV  
  18  1:16  SCV  
  19  1:27  Marine  
  19  1:28  Orbital Command  
  20  1:35  Supply Depot  
  20  1:53  Factory  
  20  1:56  SCV  
  21  2:03  Bunker  
  21  2:07  Barracks Reactor  
  21  2:08  SCV  
  22  2:20  SCV  
  23  2:31  Command Center  
  23  2:40  SCV  
  23  2:41  Widow Mine  
  23  2:44  Refinery, Marine x2  
  28  2:52  SCV  
  28  2:55  Supply Depot  
  29  3:03  Starport  
  28  3:07  SCV  
  28  3:11  Marine  
  30  3:12  Marine  
  30  3:16  Factory Tech Lab  
  31  3:20  SCV  
  32  3:29  Supply Depot  
  32  3:34  Marine x2  
  34  3:45  Siege Tank  
  36  3:52  Medivac  
  38  3:58  SCV  
  38  4:02  Marine x2  
  41  4:10  SCV  
  42  4:20  Marine x2  
  42  4:22  SCV  
  42  4:23  Liberator  
  48  4:27  Orbital Command  
  48  4:34  SCV  
  48  4:37  Marine x2  
  51  4:40  Siege Tank  
  54  4:46  SCV  
  55  4:55  Marine x2  
  55  4:59  SCV x2  
  59  5:04  Barracks  
  58  5:11  SCV  
  58  5:12  SCV  
  58  5:13  Marine  
  59  5:23  SCV  
  59  5:24  SCV  
  59  5:25  Barracks  
  59  5:26  Starport Tech Lab  
  61  5:29  Supply Depot, Engineering Bay  
  61  5:31  Factory Reactor  
  61  5:35  SCV  
  62  5:43  Refinery  
  62  5:50  Supply Depot, SCV x2, Marine x2  
  62  5:51  Supply Depot  
  66  6:03  SCV  
  67  6:08  Starport Reactor  
  67  6:14  Marauder, Marine x2  
  67  6:15  Marauder, Stimpack, Combat Shield  
  72  6:18  Widow Mine  
  72  6:19  Widow Mine, SCV x2  
  72  6:21  Terran Infantry Weapons Level 1  
  74  6:34  SCV  
  71  6:40  Marine  
  71  6:44  Marine x3  
  71  6:45  Widow Mine  
  71  6:46  Widow Mine  
  79  6:51  Supply Depot x2  
  79  6:55  Medivac  
  79  6:56  SCV  
  79  6:57  SCV  
  79  6:58  Marine  
  84  7:03  Marauder  
  84  7:06  Command Center  
  86  7:13  SCV  
  83  7:16  Marauder, Marine  
  85  7:30  Marine  
  85  7:31  Marauder, SCV  
  85  7:36  Widow Mine x2  
  93  7:40  Medivac x2, Barracks  
  93  7:41  Barracks  
  93  7:43  Marine x2  
  99  7:45  SCV  
  99  7:48  SCV  
  99  7:51  Refinery  
  100  7:59  SCV  
  101  8:11  Concussive Shells, Marine  
  102  8:20  Supply Depot x2  
  102  8:21  Marauder, Widow Mine x2  
  86  8:35  Marine  
  86  8:36  SCV  
  86  8:39  Marine  
  86  8:40  Marauder  
  85  8:41  Barracks Reactor, Barracks Tech Lab  
  85  8:48  SCV x2  
  78  8:49  Widow Mine  
  78  8:50  Widow Mine, Medivac x2  
  78  8:51  Marine  
  78  8:53  Marine  
  89  8:57  Terran Infantry Armor Level 1  
  89  8:59  Orbital Command  
  89  9:00  SCV  
  89  9:01  SCV  
  89  9:02  Marine x3  
  96  9:10  Marauder  
  96  9:20  Marauder  
  96  9:22  Marine  
  96  9:23  Marauder  
  101  9:27  Medivac x2  
  101  9:31  Marauder, SCV  
  107  9:36  Marine  
  107  9:39  Marine  
  107  9:42  Marauder  
  107  9:44  Marauder, Marine  
  113  9:46  SCV x2  
  113  9:52  Marauder, SCV  
  115  10:03  Marauder, SCV, Marine x2  
  115  10:05  Marauder, SCV  
  121  10:07  SCV  
  121  10:13  Ghost Academy  
  121  10:14  Marauder, Marine x2  
  125  10:16  Viking x2  
  125  10:18  Missile Turret  
  125  10:19  Widow Mine  
  125  10:20  Widow Mine  
  130  10:23  Missile Turret  
  130  10:24  Marauder  
  130  10:26  Refinery  
  130  10:27  SCV x2  
  134  10:30  SCV  
  135  10:39  Armory  
  135  10:40  Engineering Bay  
  135  10:43  Marauder, Marine  
  135  10:44  Marauder, Marine  
  139  10:57  Supply Depot  
  139  11:02  Missile Turret  
  139  11:07  Ghost x3  
  141  11:13  Refinery  
  141  11:17  Viking  
  138  11:32  Marine  
  139  11:33  SCV x2  
  139  11:35  Ghost  
  139  11:39  Ghost  
  143  11:40  Marine x2  
  143  11:41  Marauder  
  143  11:42  Terran Infantry Weapons Level 2  
  149  11:47  Marine  
  150  11:55  Enhanced Shockwaves  
  150  12:01  Missile Turret, Bunker  
  149  12:05  Marine, Ghost  
  148  12:19  Marine  
  148  12:20  Marauder, Marine x3  
  147  12:34  Marine  
  147  12:35  Marauder  
  147  12:36  SCV  
  116  12:37  Marine  
  116  12:44  Marine x4  
  110  12:51  Widow Mine  
  113  12:52  Marine  
  113  12:55  Marine  
  113  12:57  Marauder, Orbital Command  
  103  13:01  Marine  
  95  13:08  Marine  
  95  13:09  Marine  
  55  13:29  Marauder, Marine x2  
  57  13:39  Orbital Command  
  57  13:43  Marine x2  
  54  14:24  Liberator x2  
  57  14:27  Marine  
  61  14:34  Marine  
  61  14:35  Marauder  
  51  14:55  Marine x7  
  58  15:04  Widow Mine  
  60  15:07  Widow Mine  
  60  15:10  Liberator  
  60  15:13  Marine  
  66  15:23  Marine x3  
  69  15:40  Liberator  
  63  15:45  Marine x3  
  65  15:54  Marauder  
  67  16:04  Widow Mine  
  66  16:14  Marine x5  
  66  16:17  Missile Turret  
  65  16:26  Marine  
  65  16:29  SCV x2  
Show
View Real Time Build Order
Export as new Build Order

PattyMac Protoss - Winner!

Build Orders: Blink Stalkers 

Get SALT Encoding   

  12  0:00  Probe  
  13  0:12  Probe  
  14  0:16  Pylon  
  14  0:24  Probe (Chrono Boost)  
  16  0:36  Gateway, Probe (Chrono Boost)  
  16  0:43  Probe (Chrono Boost)  
  16  0:45  Assimilator  
  17  0:51  Probe  
  17  0:56  Assimilator  
  18  1:03  Probe  
  19  1:15  Probe  
  19  1:18  Pylon  
  20  1:26  Cybernetics Core  
  20  1:27  Probe  
  20  1:29  Zealot  
  23  1:39  Probe  
  24  1:46  Pylon  
  24  1:51  Probe  
  25  2:01  Adept (Chrono Boost)  
  25  2:02  Twilight Council  
  25  2:05  Warp Gate  
  27  2:08  Probe  
  28  2:20  Probe  
  29  2:25  Adept  
  31  2:39  Blink (Chrono Boost)  
  31  2:54  Nexus  
  31  2:57  Probe  
  32  3:06  Gateway  
  32  3:09  Sentry  
  35  3:12  Probe (Chrono Boost)  
  35  3:23  Pylon  
  35  3:25  Probe (Chrono Boost)  
  36  3:31  Robotics Facility  
  36  3:35  Probe (Chrono Boost)  
  37  3:46  Probe  
  38  3:53  Stalker, Shield Battery  
  40  3:59  Probe (Chrono Boost)  
  40  4:01  Stalker  
  43  4:08  Pylon  
  43  4:09  Probe (Chrono Boost)  
  45  4:18  Probe x2 (Chrono Boost)  
  45  4:20  Observer (Chrono Boost)  
  47  4:25  Probe x2  
  47  4:28  Stalker, Assimilator  
  51  4:33  Stalker  
  51  4:53  Stalker  
  51  4:55  Immortal  
  51  4:59  Stalker  
  59  5:01  Probe x2  
  59  5:04  Assimilator  
  61  5:13  Probe  
  61  5:14  Probe  
  59  5:20  Stalker  
  61  5:24  Stalker  
  61  5:25  Probe  
  61  5:26  Probe  
  65  5:29  Gateway  
  65  5:31  Gateway  
  65  5:37  Probe  
  65  5:40  Probe  
  65  5:42  Pylon  
  67  5:57  Pylon  
  67  6:00  Immortal  
  67  6:01  Stalker x2, Pylon  
  75  6:06  Probe  
  75  6:19  Probe  
  75  6:21  Nexus  
  75  6:23  Pylon  
  72  6:46  Probe, Charge  
  69  6:48  Robotics Bay  
  69  6:50  Forge  
  69  6:51  Stalker x3  
  69  6:53  Probe  
  76  7:03  Observer (Chrono Boost)  
  76  7:04  Probe  
  76  7:05  Gateway  
  78  7:09  Gateway  
  76  7:20  Probe x2 (Chrono Boost)  
  76  7:27  Forge  
  76  7:28  Pylon  
  76  7:34  Probe x2 (Chrono Boost)  
  77  7:37  Colossus (Chrono Boost)  
  77  7:40  Observer, Probe  
  77  7:43  Sentry x2  
  88  7:44  Probe  
  88  7:45  Probe  
  88  7:47  Extended Thermal Lance  
  88  7:48  Shield Battery  
  88  7:49  Pylon  
  90  7:51  Protoss Ground Weapons Level 1  
  90  7:52  Probe  
  90  7:57  Probe  
  92  8:09  Zealot x6  
  102  8:19  Colossus (Chrono Boost)  
  86  8:35  Zealot x4  
  84  8:45  Observer  
  84  8:53  Probe  
  84  8:54  Probe x2  
  84  8:55  Protoss Ground Armor Level 1, Assimilator  
  87  9:00  Assimilator  
  87  9:05  Probe  
  87  9:06  Colossus (Chrono Boost), Probe x2  
  96  9:16  Photon Cannon  
  96  9:18  Probe  
  96  9:20  Templar Archives  
  96  9:24  Gateway  
  97  9:25  Gateway  
  97  9:27  Pylon  
  97  9:28  Zealot x4  
  103  9:39  Stalker x2  
  103  9:41  Observer  
  106  9:49  Colossus (Chrono Boost)  
  106  9:50  Zealot  
  112  9:55  Stalker  
  114  10:05  Photon Cannon  
  114  10:06  Zealot x2  
  113  10:08  Probe, High Templar x2  
  113  10:12  Archon  
  118  10:19  Probe x2  
  120  10:23  High Templar x2  
  120  10:26  Zealot x2  
  128  10:32  Zealot x2  
  128  10:33  Archon  
  132  10:38  Colossus (Chrono Boost)  
  132  10:41  Stalker  
  140  10:48  Pylon  
  140  10:52  Observer  
  140  10:59  Stalker x2  
  134  11:11  Stalker x5  
  144  11:24  Warp Prism (Chrono Boost)  
  136  11:28  Probe x2, Pylon  
  136  11:29  Probe  
  140  11:39  High Templar x4  
  148  11:42  Nexus  
  148  11:44  Probe  
  148  11:45  Protoss Ground Weapons Level 2 (Chrono Boost)  
  148  11:46  Archon  
  149  11:58  Zealot, Archon  
  151  12:03  Probe  
  151  12:04  Shield Battery  
  151  12:07  Photon Cannon  
  152  12:09  Pylon  
  152  12:15  High Templar x3  
  146  12:16  High Templar  
  146  12:17  Zealot  
  146  12:18  Zealot x2  
  146  12:20  Archon x2  
  141  12:33  Zealot  
  121  12:38  Zealot x3  
  112  13:04  Stalker x4  
  106  13:09  Stalker x4  
  92  13:17  Zealot  
  66  13:50  Stalker x2  
  70  13:56  Pylon  
  70  13:59  Probe (Chrono Boost)  
  70  14:00  Probe (Chrono Boost)  
  70  14:01  Probe (Chrono Boost)  
  70  14:02  High Templar x2  
  77  14:07  Archon  
  77  14:12  Observer (Chrono Boost)  
  77  14:13  Probe (Chrono Boost)  
  80  14:17  Stalker x2, Probe x2 (Chrono Boost)  
  84  14:25  Probe  
  84  14:26  Probe  
  84  14:27  Assimilator  
  84  14:29  Assimilator  
  86  14:40  Dark Shrine  
  86  14:41  Probe x2  
  86  14:42  Zealot  
  90  14:52  Zealot x2  
  82  15:02  Stalker x3, Shield Battery  
  82  15:04  Zealot  
  82  15:07  Probe x2 (Chrono Boost)  
  92  15:11  Probe (Chrono Boost)  
  93  15:15  Stalker  
  93  15:17  Probe (Chrono Boost)  
  93  15:20  Probe (Chrono Boost)  
  95  15:39  Zealot x3  
  95  15:40  Stalker  
  95  15:41  Stalker  
  93  15:48  Probe  
  93  15:49  Probe  
  95  15:53  Dark Templar x2  
  95  15:55  Dark Templar  
  101  16:00  Zealot  
  103  16:10  Stalker x3  
  107  16:32  Stalker x4  

Tags
 
Add a new tag
Caveats
  • Supply blocks, unpowered buildings, or Contaminate may cause inaccurate times.
  • Supply counts are checked every 10 seconds.